Map: 16 бит РВ

Players

Murena

  • Race: Terran Terran
  • Spawn Location: 1:00

ИИ 1 (эксперт) - Winner!

  • Race: Protoss Protoss
  • Spawn Location: 7:00

VOD

Have the link to the VOD?

Description

Time

  • Played on: March 29, 2019, 1:09 p.m.
  • Length: 10:18
Show
View Real Time Build Order
Export as new Build Order

Murena Terran 

Build Orders: Command Center First (CC), Mech 

Get SALT Encoding   

  12  0:00  SCV  
  13  0:14  Refinery  
  13  0:16  SCV  
  14  0:29  Supply Depot  
  14  0:31  SCV  
  15  1:10  Command Center  
  15  1:27  Barracks  
  15  1:29  SCV  
  16  1:42  SCV  
  17  1:55  SCV  
  18  2:01  Supply Depot  
  18  2:07  SCV  
  19  2:14  Marine  
  20  2:21  SCV, Factory  
  21  2:26  SCV  
  22  2:34  Marine  
  22  2:35  SCV  
  24  2:40  SCV  
  25  2:48  SCV  
  25  2:49  Factory  
  26  2:52  SCV  
  26  2:55  Marine  
  28  3:00  SCV  
  28  3:04  Refinery  
  28  3:05  SCV  
  30  3:07  Factory Tech Lab  
  30  3:13  Marine  
  30  3:14  SCV  
  30  3:18  SCV  
  33  3:27  Orbital Command  
  33  3:31  SCV  
  33  3:32  Barracks Reactor  
  33  3:34  Factory Tech Lab  
  34  3:40  Siege Tank  
  37  3:44  SCV  
  38  3:52  Siege Tank  
  38  3:53  SCV  
  42  3:56  SCV  
  43  4:05  Refinery  
  43  4:06  SCV  
  44  4:10  Marine  
  44  4:11  Supply Depot, Marine  
  46  4:20  Supply Depot  
  46  4:24  Factory  
  46  4:31  Bunker, Orbital Command  
  46  4:34  Siege Tank  
  49  4:39  SCV  
  49  4:41  Marine  
  49  4:42  Marine  
  52  4:45  Siege Tank  
  52  4:52  SCV  
  56  4:57  SCV  
  57  5:02  Marine x2  
  57  5:03  Refinery  
  59  5:07  Siege Tank  
  59  5:11  Factory Tech Lab  
  59  5:12  Supply Depot  
  59  5:13  Engineering Bay  
  62  5:21  Supply Depot  
  62  5:35  Siege Tank  
  65  5:36  Siege Tank  
  65  5:39  SCV x2  
  70  5:44  Siege Tank  
  70  5:45  Marine x2  
  70  5:49  Missile Turret  
  75  5:51  Missile Turret  
  75  5:52  SCV x2  
  77  5:58  Supply Depot  
  77  6:02  Engineering Bay  
  77  6:06  Starport  
  77  6:17  Supply Depot  
  77  6:20  Siege Tank  
  77  6:21  Siege Tank  
  83  6:28  Siege Tank  
  86  6:33  Supply Depot  
  86  6:35  Supply Depot  
  86  6:40  Armory  
  86  6:42  Starport Tech Lab  
  86  6:47  Barracks  
  86  6:48  Marine x2  
  86  6:52  SCV x2  
  90  7:01  Barracks  
  90  7:02  Raven  
  90  7:05  Marine x2  
  90  7:06  SCV x2  
Show
View Real Time Build Order
Export as new Build Order

ИИ 1 (эксперт) Protoss - Winner!

Build Orders: Zealot Archon 

Get SALT Encoding   

  12  0:00  Probe  
  13  0:13  Probe  
  14  0:20  Pylon  
  14  0:25  Probe  
  15  0:34  Probe  
  15  0:42  Probe  
  16  0:47  Assimilator  
  17  0:50  Gateway  
  17  0:52  Probe  
  18  0:59  Pylon  
  18  1:00  Probe  
  18  1:08  Probe  
  20  1:19  Probe  
  21  1:31  Probe  
  22  1:38  Zealot  
  24  1:41  Cybernetics Core  
  24  1:43  Probe  
  25  1:59  Nexus  
  25  2:11  Gateway  
  25  2:13  Zealot  
  25  2:19  Pylon  
  27  2:25  Probe  
  27  2:28  Warp Gate  
  28  2:37  Probe  
  28  2:38  Assimilator  
  29  2:46  Adept  
  29  2:49  Probe  
  32  2:52  Adept  
  34  3:00  Probe  
  34  3:05  Pylon  
  35  3:09  Probe  
  35  3:16  Adept  
  35  3:18  Sentry  
  38  3:23  Probe  
  41  3:29  Probe  
  42  3:35  Probe  
  43  3:41  Probe  
  43  3:44  Robotics Facility, Stalker  
  43  3:47  Probe  
  47  3:52  Adept  
  47  3:53  Probe  
  50  3:59  Probe  
  51  4:04  Probe, Adept  
  52  4:10  Pylon  
  52  4:12  Probe x2  
  56  4:20  Probe  
  56  4:24  Probe  
  57  4:30  Stalker  
  63  4:31  Immortal  
  63  4:32  Probe  
  63  4:36  Probe, Pylon  
  65  4:42  Stalker  
  65  4:44  Probe  
  68  4:48  Probe  
  68  4:52  Robotics Facility  
  69  4:54  Stalker  
  69  4:56  Probe  
  72  5:00  Immortal  
  72  5:05  Probe  
  73  5:08  Probe  
  78  5:14  Pylon  
  78  5:19  Pylon  
  78  5:25  Assimilator  
  78  5:27  Twilight Council  
  78  5:30  Assimilator  
  78  5:31  Probe  
  79  5:41  Gateway  
  79  5:48  Probe x2  
  81  5:50  Pylon  
  81  5:57  Zealot  
  81  6:00  Probe x2  
  85  6:07  Templar Archives  
  85  6:11  Probe  
  85  6:13  Probe  
  87  6:18  Pylon  
  87  6:22  Forge  
  87  6:23  Stalker  
  89  6:28  Forge, Nexus  
  89  6:30  Stalker  
  91  6:36  Stalker  
  93  6:46  High Templar  
  95  6:49  Pylon  
  95  6:51  Protoss Ground Weapons Level 1  
  95  6:53  Stalker  
  97  6:57  Pylon  
  97  6:59  High Templar  
  99  7:05  Archon  
  99  7:13  Gateway  
  99  7:17  High Templar  
  99  7:18  High Templar  
  99  7:19  Photon Cannon  
  103  7:23  Archon, Photon Cannon  
  103  7:24  Pylon  
  103  7:29  High Templar  
  105  7:41  Probe x3  
  105  7:42  High Templar  
  110  7:46  Archon  
  110  7:49  Zealot  
  112  7:53  Probe  
  112  7:54  Probe x2, Sentry, Assimilator  
  112  7:56  Pylon  
  112  7:57  Photon Cannon  
  116  8:00  Pylon  
  116  8:05  Probe  
  117  8:06  Probe, Zealot  
  117  8:07  Probe  
  117  8:09  Zealot  
  117  8:11  Assimilator  
  103  8:13  Zealot  
  103  8:17  Probe, High Templar  
  103  8:18  Probe  
  103  8:19  Probe  
  86  8:25  Probe  
  86  8:26  High Templar  
  74  8:30  Archon, Probe, Adept  
  74  8:31  Probe  
  74  8:33  Probe, Stalker  
  79  8:39  Probe  
  80  8:43  Probe  
  80  8:47  Probe  
  76  8:49  Zealot  
  76  8:50  High Templar, Nexus  
  79  8:57  High Templar, Nexus  
  79  8:59  Adept  
  81  9:09  Zealot  
  69  9:19  Zealot  
  69  9:23  Stalker  
  69  9:29  High Templar  
  66  9:36  Zealot  
  66  9:42  High Templar  
  66  9:44  Adept  
  68  9:48  Probe  
  68  9:49  Probe  
  70  9:56  Zealot  
  72  10:00  Probe, Sentry  
  72  10:01  Archon  
  72  10:02  Probe, Stalker  
  78  10:10  Adept  
  78  10:14  Zealot  
Tags
 
Add a new tag
Caveats
  • Supply blocks, unpowered buildings, or Contaminate may cause inaccurate times.
  • Supply counts are checked every 10 seconds.